Map: Odyssey LE

Players

Stephano - Winner!

  • Race: Zerg Zerg
  • Spawn Location: 5:00

HateMe

  • Race: Zerg Zerg
  • Spawn Location: 11:00

Event: WCS Valencia 2017

VOD

Have the link to the VOD?

Description

Time

  • Played on: July 13, 2017, 2:29 p.m.
  • Length: 7:55

All games in this series

Show
View Real Time Build Order
Export as new Build Order

Stephano Zerg - Winner!

Build Orders: Hatch First, Zergling Baneling 

Get SALT Encoding   

  12  0:00  Drone  
  13  0:12  Overlord  
  13  0:17  Drone  
  14  0:30  Drone  
  14  0:31  Drone  
  14  0:34  Drone  
  17  0:52  Hatchery  
  17  0:54  Drone  
  17  0:57  Extractor  
  17  0:59  Drone  
  17  1:14  Spawning Pool  
  17  1:15  Drone  
  17  1:19  Drone  
  18  1:28  Drone  
  19  1:39  Overlord  
  19  2:00  Queen, Metabolic Boost  
  21  2:02  Zergling x4  
  21  2:04  Queen  
  21  2:07  Drone  
  26  2:15  Drone x2  
  28  2:25  Drone  
  28  2:28  Drone  
  30  2:34  Drone  
  30  2:36  Queen  
  33  2:51  Baneling Nest  
  33  2:52  Hatchery  
  33  2:55  Overlord  
  33  2:58  Drone  
  32  3:01  Zergling x2  
  33  3:05  Zergling x2  
  33  3:06  Zergling x2  
  33  3:12  Zergling x2  
  36  3:13  Drone  
  36  3:20  Zergling x6  
  36  3:25  Drone x2  
  36  3:26  Drone  
  42  3:32  Overlord  
  42  3:36  Baneling x2  
  42  3:37  Baneling  
  42  3:38  Drone  
  43  3:45  Baneling  
  43  3:46  Overlord  
  43  3:50  Overlord  
  43  3:51  Drone  
  43  3:53  Extractor  
  43  3:54  Drone  
  44  3:57  Drone x2  
  44  4:00  Drone  
  47  4:07  Roach Warren  
  45  4:20  Zergling x14  
  45  4:22  Baneling x2  
  51  4:26  Baneling x3  
  46  4:39  Zergling x12  
  49  4:53  Roach x5  
  59  5:03  Roach  
  59  5:04  Roach x2  
  65  5:09  Roach x2  
  67  5:26  Roach x4  
  67  5:27  Baneling  
  72  5:29  Overlord  
  71  5:35  Baneling x2  
  71  5:39  Zergling x2  
  71  5:40  Zergling x2  
  73  5:53  Zergling x22  
  80  5:58  Overlord  
  80  6:05  Overlord  
  80  6:09  Zergling x4  
  82  6:13  Overlord  
  82  6:18  Zergling x10  
  86  6:23  Baneling x5  
  86  6:25  Baneling x3  
  87  6:27  Baneling x2  
  87  6:30  Zergling x2  
  88  6:36  Zergling x8  
  80  6:52  Zergling x2  
  80  6:53  Zergling x14  
  78  6:56  Zergling x4  
  78  7:00  Zergling x2  
  69  7:10  Zergling x12  
  73  7:16  Zergling x2  
  73  7:20  Baneling x4  
  73  7:21  Baneling  
  74  7:25  Ravager  
  74  7:26  Baneling x5  
  74  7:32  Zergling x8  
Show
View Real Time Build Order
Export as new Build Order

HateMe Zerg 

Build Orders: Hatch First 

Get SALT Encoding   

  12  0:02  Drone  
  13  0:12  Overlord  
  13  0:17  Drone  
  14  0:31  Drone x2  
  14  0:35  Drone  
  17  0:52  Hatchery  
  17  0:54  Drone  
  17  0:58  Drone  
  17  1:00  Extractor  
  17  1:13  Spawning Pool  
  17  1:16  Drone  
  17  1:19  Drone  
  18  1:29  Drone  
  19  1:40  Overlord  
  19  1:50  Drone  
  20  2:00  Queen  
  20  2:01  Metabolic Boost  
  22  2:03  Queen  
  22  2:07  Drone  
  22  2:08  Drone  
  26  2:12  Drone  
  26  2:14  Drone  
  28  2:23  Drone  
  28  2:25  Drone  
  30  2:37  Hatchery  
  30  2:41  Zergling x4  
  31  2:45  Zergling x2  
  31  2:50  Zergling x2  
  33  2:54  Baneling Nest  
  33  2:55  Overlord  
  33  2:58  Drone  
  33  3:05  Drone  
  34  3:07  Drone  
  34  3:09  Drone  
  36  3:13  Drone  
  36  3:18  Overlord  
  37  3:24  Zergling x8  
  41  3:29  Queen  
  43  3:38  Zergling x4  
  43  3:40  Baneling x3  
  45  3:42  Baneling  
  45  3:43  Baneling  
  45  3:45  Zergling x6  
  47  3:51  Baneling  
  47  3:52  Baneling  
  47  3:55  Zergling x8  
  50  4:07  Overlord  
  50  4:08  Zergling x8  
  54  4:14  Overlord  
  54  4:16  Overlord  
  49  4:28  Overlord  
  47  4:42  Zergling x14  
  54  4:46  Overlord  
  54  4:50  Drone  
  54  4:51  Roach Warren  
  52  4:54  Extractor  
  52  4:56  Drone x5  
  57  5:00  Drone x2  
  57  5:06  Overlord  
  58  5:07  Drone  
  58  5:08  Drone  
  58  5:10  Baneling x2  
  58  5:14  Drone  
  53  5:35  Roach x9  
  71  5:38  Roach  
  71  5:41  Roach  
  75  5:43  Roach  
  75  5:48  Roach x2  
  80  5:51  Roach  
  79  5:57  Roach x2  
  79  6:01  Overlord  
  79  6:02  Roach  
  83  6:06  Roach  
  83  6:09  Roach  
  87  6:16  Roach  
  87  6:19  Roach  
  87  6:20  Zergling x12  
  97  6:25  Roach  
  97  6:29  Overlord x2  
  94  6:44  Roach  
  94  6:45  Roach x3  
  91  6:48  Roach  
  74  6:55  Roach  
  74  6:56  Roach  
  74  6:57  Zergling x2  
  74  7:00  Roach  
  73  7:03  Zergling x4  
  62  7:10  Roach  
  62  7:14  Roach x2  
  62  7:15  Queen  
  59  7:18  Queen  
  59  7:21  Baneling  
  57  7:24  Roach  
  57  7:27  Zergling x4  
  57  7:32  Roach  
Tags
 
Add a new tag
Caveats
  • Supply blocks, unpowered buildings, or Contaminate may cause inaccurate times.
  • Supply counts are checked every 10 seconds.